 Dungeon Crawl Stone Soup version 0.22.1-2-g9c5b331383 (webtiles) character file.

47 McIrco the Skirmisher (level 3, -4/29 HPs)
             Began as a Demonspawn Fighter on Jan 6, 2019.
             Slain by Natasha (6 damage)
             ... on level 2 of the Dungeon.
             The game lasted 00:01:32 (866 turns).

McIrco the Skirmisher (Demonspawn Fighter)           Turns: 866, Time: 00:01:32

Health: -4/29      AC:  6    Str: 16    XL:     3   Next: 48%
Magic:  3/3        EV:  7    Int:  9    God:
Gold:   42         SH:  9    Dex: 13    Spells: 2/2 levels left

rFire    . . .     SeeInvis .   a - +0 long sword
rCold    . . .     Gourm    .   c - +0 shield
rNeg     . . .     Faith    .   b - +0 scale mail
rPois    .         Spirit   .   (helmet restricted)
rElec    .         Reflect  .   (no cloak)
rCorr    .         Harm     .   (no gloves)
MR       .....                  (no boots)
Stlth    ..........             (no amulet)
HPRegen  0.09/turn              (no ring)
MPRegen  0.08/turn              (no ring)

@: slowed, very slow
A: horns 1, powered by pain 1
a: no special abilities


You were on level 2 of the Dungeon.
You were not hungry.

You visited 1 branch of the dungeon, and saw 2 of its levels.

You collected 42 gold pieces.

Inventory:

Hand Weapons
 a - a +0 long sword (weapon)
Armour
 b - a +0 scale mail (worn)
 c - a +0 shield (worn)
 g - a +0 helmet
 p - a +1 cloak
Jewellery
 j - an uncursed amulet of guardian spirit {unknown}
Scrolls
 e - a scroll of remove curse {unknown}
 k - 3 scrolls of identify {unknown}
 m - a scroll of teleportation {unknown}
 n - a scroll of amnesia {unknown}
Potions
 d - 2 potions of might
 h - a potion of heal wounds {unknown}
 i - a potion of degeneration {unknown}
 l - a potion of mutation {unknown}
 o - a potion of flight {unknown}
Comestibles
 f - 6 rations


   Skills:
 + Level 3.3 Fighting
 + Level 2.1 Long Blades
 * Level 3.1 Armour
 * Level 0.7 Dodging
 * Level 3.1 Shields


You had 2 spell levels left.
You didn't know any spells.
Your spell library was empty.

Dungeon Overview and Level Annotations

Branches:
Dungeon (2/15)

Altars:

Annotations:
D:2 Natasha


Innate Abilities, Weirdness & Mutations

You have a pair of small horns on your head.
You sometimes gain a little power by taking damage.


Message History

p - an embroidered cloak No target in view!
Something claws you but does no damage.
You closely miss something. You block something's attack. Something claws you.
Something claws you!
You hit something. You headbutt something.
Something claws you but does no damage. Something claws you.
* * * LOW HITPOINT WARNING * * *
You closely miss something. Your headbutt misses something.
Something claws you.
* * * LOW HITPOINT WARNING * * *
You block something's attack.
You miss something. You block something's attack.
You hear some strange, mumbled words.
You barely miss something. Something claws you.
* * * LOW HITPOINT WARNING * * *
Something claws you.
* * * LOW HITPOINT WARNING * * *
Something claws you.
You die...

##..## ##...# ##..##
##.8..## #..#####..$...#
.#.####..8...8.##
....).#.........####
...##......>.......####.
########......)###......
#.8.$.8.##...##
##.....5{@.#
.....8.....#......
.{.......##### .....
...{...#.... ....
.......###### ...
.......# .. ####### .


You could see a shadow imp.

Vanquished Creatures
  Terence (D:2)
  2 leopard geckos (D:1)
  2 goblins (D:1)
  2 hobgoblins (D:2)
  4 kobolds
  A quokka (D:2)
  6 bats
  5 frilled lizards
  2 rats (D:1)
25 creatures vanquished.

Notes
Turn   | Place    | Note
-------+----------+-------------------------------------------
     0 | D:1      | McIrco the Demonspawn Fighter began the quest for the Orb.
     0 | D:1      | Reached XP level 1. HP: 18/18 MP: 1/1
   325 | D:1      | Gained mutation: You have a pair of small horns on your
                  | head. [demonic ancestry]
   325 | D:1      | Reached XP level 2. HP: 24/24 MP: 2/2
   826 | D:2      | Noticed Terence
   840 | D:2      | Killed Terence
   840 | D:2      | Gained mutation: You sometimes gain a little power by
                  | taking damage. [demonic ancestry]
   840 | D:2      | Reached XP level 3. HP: 21/29 MP: 3/3
   851 | D:2      | Noticed Natasha
   866 | D:2      | Slain by Natasha

Skill      XL: |  1  2 |
---------------+-------+-----
Shields        | 3 |  3.1
Armour         | 3 |  3.1
Long Blades    | 2 |  2.1
Fighting       | |  3.3
Dodging        | |  0.7

Action                   || total
-------------------------++-------
Melee: Long sword        ||    84
       Headbutt          ||     9
Armor: Scale mail        ||    42
Dodge: Dodged            ||    24
Block: Shield            ||    51
       Rpst.: Long sword ||     5
